 Dungeon Crawl Stone Soup version 0.20-b1-24-gb21faa7 (webtiles) character file.

52 theElss the Conjurer (level 3, -3/19 HPs)
             Began as a Deep Elf Conjurer on May 25, 2017.
             Killed from afar by Natasha (8 damage)
             ... with a magic dart
             ... on level 2 of the Dungeon.
             The game lasted 00:04:07 (1527 turns).

theElss the Conjurer (Deep Elf Conjurer)            Turns: 1527, Time: 00:04:08

Health: -3/19      AC:  2    Str:  5    XL:     3   Next: 60%
Magic:  5/10       EV: 13    Int: 20    God:
Gold:   61         SH:  0    Dex: 15    Spells: 7/10 levels left

rFire    . . .     SeeInvis .   e - +0 dagger
rCold    . . .     Gourm    .   (no shield)
rNeg     . . .     Faith    .   a - +0 robe
rPois    .         Spirit   .   (no helmet)
rElec    .         Reflect  .   (no cloak)
rCorr    .         Harm     .   (no gloves)
MR       .....                  (no boots)
Stlth    ++........             (no amulet)
Regen    0.1/turn               (no ring)
MPRegen  0.2/turn               (no ring)

@: no status effects
A: no striking features
a: no special abilities


You were on level 2 of the Dungeon.
You were not hungry.

You visited 1 branch of the dungeon, and saw 2 of its levels.

You collected 61 gold pieces.

Inventory:

Hand Weapons
 e - a +0 dagger (weapon)
Armour
 a - a +0 robe (worn)
Scrolls
 d - a scroll of fog {unknown}
 f - 2 scrolls of identify {unknown}
 g - a scroll of recharging {unknown}
 h - a scroll of amnesia {unknown}
 i - 3 scrolls of fear {unknown}
 j - 3 scrolls of remove curse {unknown}
 l - a scroll of noise {unknown}
 m - a scroll of enchant armour {unknown}
Potions
 k - a potion of might
 n - a potion of flight {unknown}
Books
 b - a book of Conjurations

   Spells                             Type                      Level
   a - Magic Dart                     Conjuration                  1
   b - Searing Ray                    Conjuration                  2
   c - Dazzling Spray                 Conjuration/Hexes            3
   d - Fulminant Prism                Conjuration/Hexes            4
   e - Force Lance                    Conjuration/Translocation    4
   f - Iskenderun's Mystic Blast      Conjuration                  4
Comestibles
 c - 2 bread rations
 o - a chunk of flesh


   Skills:
 + Level 2.5 Dodging
 - Level 2.4 Stealth
 + Level 4.0 Spellcasting
 + Level 5.4 Conjurations


You had 7 spell levels left.
You knew the following spells:

 Your Spells              Type           Power        Failure   Level  Hunger
a - Magic Dart            Conj           ####         1%          1    None
c - Searing Ray           Conj           ####..       1%          2    #......


Dungeon Overview and Level Annotations

Branches:
Dungeon (2/15)

Altars:

Annotations:
D:2 Natasha


Message History

Press: ? - help, Shift-Dir - straight line, f/p - Natasha
Aim: Natasha (lightly wounded)
The searing ray misses Natasha.
The searing ray hits the crimson imp.
The crimson imp is lightly wounded. (Press . to maintain the ray.) Natasha casts a spell at you.
You resist with some effort.
The searing ray misses Natasha.
The searing ray hits the crimson imp.
The crimson imp is moderately wounded.
Natasha casts a spell at you. The magic dart hits you!
* * * LOW HITPOINT WARNING * * *
The searing ray hits the crimson imp.
The crimson imp is severely wounded.
The searing ray hits the crimson imp.
You kill the crimson imp!
You finish channeling your searing ray.
Natasha casts a spell at you. The magic dart hits you!
You die...

#....#####..#..####.#,*
#....'...#..#.......#,*
#....##..#..##..#####,*
.###)###.#..#..)# *,*
.###........#.#.#####,#
....####.##.#.#.....#.#
.##.#,,*,#....#.......#
.##.#,,*,#............#
.##.#,,,,##.#h..@#....#
.##.#,,,,.....#....)..#
.##.##***##.#.#....#..#
......# #.#.#.##.#..#
###.#.#***#+*,#.,..#..#
..#.#,*,,,,,,,..,#.####
#.#,*,*,,,,,,,..,'.#
#.#,,,,,,,,,,.>.,****
#.#,,,,,,,,,,,,,,,,,*


You could see Natasha.

Vanquished Creatures
  A gnoll (D:1)
  An adder (D:2)
  An ooze (D:1)
  A dart slug (D:1)
  A leopard gecko (D:1)
  4 bats
  A giant cockroach (D:2)
  2 goblins (D:1)
  5 hobgoblins
  2 jackals (D:1)
  A frilled lizard (D:2)
  3 kobolds (D:1)
  A rat (D:1)
24 creatures vanquished.

Notes
Turn   | Place    | Note
-------+----------+-------------------------------------------
     0 | D:1      | theElss the Deep Elf Conjurer began the quest for the Orb.
     0 | D:1      | Reached XP level 1. HP: 10/10 MP: 6/6
   334 | D:1      | Reached XP level 2. HP: 15/15 MP: 5/8
   496 | D:1      | Reached skill level 5 in Conjurations
   515 | D:1      | Learned a level 2 spell: Searing Ray
   581 | D:1      | Reached XP level 3. HP: 19/19 MP: 3/10
   895 | D:2      | Noticed Natasha
  1527 | D:2      | Killed from afar by Natasha

Skill      XL: |  1  2  3 |
---------------+----------+-----
Conjurations   | 5 |  5.4
Spellcasting   | 4 |  4.0
Dodging        | |  2.5
Stealth        | |  2.4

Action                   || total
-------------------------++-------
 Cast: Magic Dart        ||    52
       Searing Ray       ||     3
  Eat: Chunk             ||     2
Armor: Robe              ||     4
Dodge: Dodged            ||     5
